AoeStats
← FedeSanta

Black Forest

509187367Analyzed
4v4 RM · 6d ago on Sep 25, 2026· 58m 41s· 8 players
Game mode
Random Map
Map size
Large (8 player)
Population
200
Speed
Normal
Resources
Standard
Victory
Conquest
Starting age
Dark Age
Ending age
Imperial Age
RankedLock teamsTeams togetherTeam positionsShared explorationLock speedFull tech treeHidden civsTurbo modeCheats
Victory
Defeat
🇹🇷 Britons · Türkiye
699
+9
🇺🇸 Teutons · United States
630
+11
🇹🇷 Persians · Türkiye
593
+13
🇪🇸 Spanish · Spain
491
+17
🇫🇷 Vikings · France
583
-26
🇨🇴 Khmer · Colombia
568
-14
🇮🇹 Sicilians · Italy
507
-12
🇮🇪 Huns · Ireland
403
-8
kealanmurphy83
1:13 Loom
23:52 Feudal Age
25:17 Wheelbarrow
24:27 Town Watch
24:25 Horse Collar
24:38 Double-Bit Axe
31:55 Castle Age
30:13 Scale Barding Armor
30:29 Forging
33:16 Squires
32:43 Pikeman
33:10 Arson
34:57 Hand Cart
34:46 Town Patrol
34:49 Heavy Plow
35:04 Bow Saw
34:54 Fishing Lines
35:18 Caravan
36:24 Scale Mail Armor
37:01 Iron Casting
36:46 Chain Barding Armor
36:35 Gillnets
46:45 Marauders
50:10 Imperial Age
48:13 Husbandry
48:24 Bloodlines
50:12 Elite Tarkan
Lukhart
6:31 Loom
10:28 Feudal Age
11:30 Double-Bit Axe
18:17 Castle Age
16:18 Horse Collar
19:25 Bow Saw
20:27 Heavy Plow
26:03 Gold Mining
26:03 Stone Mining
28:42 Forging
28:33 Scale Mail Armor
29:15 Fervor
29:19 Caravan
29:50 Coinage
34:06 Imperial Age
33:05 Gold Shaft Mining
33:07 Iron Casting
32:48 Chain Mail Armor
32:37 Squires
32:23 Arson
32:00 Man-at-Arms
32:49 Pikeman
33:58 Long Swordsman
35:57 Two-Man Saw
35:30 Crop Rotation
34:45 Elite Varangian Guard
34:48 Two-Handed Swordsman
35:32 Chieftains
35:55 Treadmill Crane
36:31 Masonry
36:18 Murder Holes
36:34 Siege Engineers
36:17 Arrowslits
37:38 Banking
37:08 Elite Berserk
37:58 Champion
40:25 Hoardings
40:13 Conscription
40:54 Plate Mail Armor
39:59 Capped Ram
40:51 Siege Ram
46:48 Blast Furnace
Don M´s
0:38 Loom
14:38 Feudal Age
20:30 Wheelbarrow
24:23 Double-Bit Axe
33:55 Castle Age
33:05 Stone Mining
33:14 Gold Mining
37:03 Bow Saw
38:30 Horse Collar
39:12 Heavy Plow
39:36 Fletching
39:57 Forging
39:52 Scale Barding Armor
40:12 Ballistics
40:02 Fortified Wall
39:48 Murder Holes
41:15 Bodkin Arrow
42:54 Hand Cart
45:16 Imperial Age
43:39 Gold Shaft Mining
43:57 Caravan
44:27 Bloodlines
44:18 Husbandry
44:41 Chain Barding Armor
46:00 Hand Cart
46:01 Bracer
48:27 Conscription
49:12 Chemistry
FedeSanta
0:30 Loom
13:38 Feudal Age
15:22 Wheelbarrow
15:39 Fishing Lines
15:58 Double-Bit Axe
16:39 Gold Mining
17:27 Horse Collar
23:10 Castle Age
21:51 Stone Mining
24:15 Bow Saw
24:19 Caravan
26:25 Coinage
28:29 Forging
29:25 Pikeman
30:49 Hand Cart
31:13 Scale Mail Armor
32:27 First Crusade
35:27 Imperial Age
34:01 Chain Mail Armor
33:53 Scale Barding Armor
34:46 Heavy Plow
35:25 Gold Shaft Mining
36:28 First Crusade
37:01 Banking
36:54 Ballistics
36:44 Fishing Lines
37:42 Conscription
37:57 Husbandry
38:40 Cranequins
38:44 Capped Ram
41:12 Iron Casting
40:47 Cavalier
43:33 Halberdier
46:03 Hoardings
F o r k B e a r d
8:29 Loom
12:09 Feudal Age
16:25 Castle Age
14:39 Double-Bit Axe
16:34 Wheelbarrow
16:40 Horse Collar
18:08 Bow Saw
27:39 Fortified Wall
28:49 Heavy Plow
30:04 Ballistics
29:56 Masonry
29:39 Guard Tower
30:50 Caravan
31:53 Hand Cart
31:24 Town Watch
31:51 Stone Mining
34:50 Imperial Age
33:33 Coinage
34:02 Town Patrol
34:11 Scale Barding Armor
34:16 Forging
34:31 Ironclad
34:19 Gold Mining
34:45 Scale Mail Armor
36:09 Banking
35:50 Guilds
36:46 Two-Man Saw
36:20 Crop Rotation
36:29 Keep
35:41 Arrowslits
36:56 Chemistry
35:47 Heated Shot
36:03 Siege Engineers
37:32 Chain Barding Armor
37:48 Iron Casting
37:40 Conscription
37:57 Hoardings
37:40 Chain Mail Armor
37:35 Cavalier
38:26 Bloodlines
39:13 Stone Shaft Mining
39:07 Crenellations
39:52 Paladin
41:09 Plate Barding Armor
41:35 Blast Furnace
41:11 Pikeman
41:51 Squires
41:37 Gambesons
41:37 Arson
42:26 Plate Mail Armor
42:15 Heavy Scorpion
45:27 Padded Archer Armor
45:17 Fletching
44:51 Elite Teutonic Knight
45:02 Sappers
52:58 Leather Archer Armor
52:38 Bodkin Arrow
52:07 Halberdier
52:08 Man-at-Arms
55:21 Long Swordsman
55:25 Onager
55:26 Capped Ram
56:24 Block Printing
56:35 Illumination
56:02 Heated Shot
56:33 Bombard Tower
56:46 Ring Archer Armor
no_1_KOUROS
0:57 Loom
12:24 Feudal Age
12:54 Double-Bit Axe
13:49 Wheelbarrow
13:31 Horse Collar
16:16 Fishing Lines
20:15 Gold Mining
20:16 Stone Mining
24:14 Castle Age
23:01 Forging
22:58 Scale Barding Armor
24:44 Fletching
25:11 Hand Cart
24:57 Heavy Plow
25:09 Bow Saw
25:11 Fishing Lines
26:41 Iron Casting
26:29 Chain Barding Armor
26:49 Stone Shaft Mining
29:41 Caravan
30:23 Town Watch
31:56 Ballistics
35:10 Imperial Age
33:21 Husbandry
33:31 Bloodlines
33:22 Bodkin Arrow
33:28 Padded Archer Armor
34:27 Light Cavalry
37:14 Blast Furnace
36:29 Leather Archer Armor
36:50 Plate Barding Armor
36:16 Bracer
37:20 Two-Man Saw
37:29 Chemistry
37:01 Town Patrol
37:19 Guard Tower
37:28 Murder Holes
37:37 Herbal Medicine
37:50 Thumb Ring
38:08 Conscription
38:43 Scale Mail Armor
38:45 Elite Conquistador
46:14 Ring Archer Armor
45:09 Cavalier
50:50 Arrowslits
51:17 Fortified Wall
51:42 Keep
51:18 Masonry
55:00 Architecture
54:49 Chain Mail Armor
56:50 Gillnets
58:43 Guilds
59:05 Coinage
58:48 Fervor
58:53 Block Printing
58:39 Atonement
58:49 Redemption
Rhii
11:45 Feudal Age
16:29 Castle Age
15:02 Double-Bit Axe
15:03 Horse Collar
24:22 Heavy Plow
26:22 Bow Saw
28:51 Wheelbarrow
28:14 Gold Mining
32:29 Imperial Age
30:14 Fletching
30:24 Padded Archer Armor
32:02 Hand Cart
31:32 Town Watch
31:49 Bodkin Arrow
33:26 Gold Shaft Mining
32:42 Stone Mining
33:32 Bracer
33:47 Elite Longbowman
34:55 Forging
35:01 Leather Archer Armor
35:16 Conscription
35:27 Yeomen
35:44 Hoardings
35:38 Ballistics
34:59 Treadmill Crane
36:38 Chemistry
38:07 Ring Archer Armor
38:13 Iron Casting
38:30 Town Patrol
38:15 Loom
38:34 Scale Mail Armor
38:40 Scale Barding Armor
38:49 Fortified Wall
45:33 Masonry
rosaceous
14:05 Feudal Age
21:49 Castle Age
20:17 Double-Bit Axe
25:02 Gold Mining
26:28 Stone Mining
28:46 Bow Saw
28:25 Horse Collar
29:34 Town Watch
30:29 Wheelbarrow
32:17 Gold Shaft Mining
32:18 Stone Shaft Mining
31:51 Heavy Plow
32:45 Hand Cart
38:38 Imperial Age
36:26 Scale Mail Armor
39:16 Ballistics
39:59 Chemistry
39:37 Conscription
39:33 Forging
39:38 Chain Mail Armor
39:30 Scale Barding Armor
41:28 Two-Man Saw
43:03 Elite War Elephant
47:37 Iron Casting
47:33 Plate Mail Armor
47:26 Chain Barding Armor
47:07 Padded Archer Armor
46:57 Fletching
47:45 Kamandaran
47:57 Citadels
50:02 Blast Furnace
49:42 Plate Barding Armor
50:22 Leather Archer Armor
50:03 Bodkin Arrow
Connection lost

Rejoining the realm…

Still unreachable

The connection could not be restored.

Session expired

The server has moved on; the page needs a fresh start.